AoeStats
← Stone cold

Arabia

510940208Analyzed
1v1 RM · 8h ago on Oct 3, 2026· 43m 49s· 2 players
Game mode
Random Map
Map size
Tiny (2 player)
Population
200
Speed
Normal
Resources
Standard
Victory
Conquest
Starting age
Dark Age
Ending age
Imperial Age
RankedLock teamsTeams togetherTeam positionsShared explorationLock speedFull tech treeHidden civsTurbo modeCheats
Victory
Defeat
🇨🇷 Inca · Costa Rica
1866
+23
🇻🇳 Slavs · Vietnam
2040
-23
ÐàLat«Gô°Kµ»
6:06 Loom
8:28 Feudal Age
9:18 Double-Bit Axe
16:01 Fletching
20:56 Castle Age
19:14 Horse Collar
20:43 Padded Archer Armor
22:15 Wheelbarrow
21:19 Crossbowman
21:54 Bodkin Arrow
22:41 Leather Archer Armor
24:09 Ballistics
31:00 Gold Mining
34:37 Bow Saw
36:31 Elite Skirmisher
39:57 Imperial Age
41:09 Ring Archer Armor
41:51 Chemistry
Stone cold
5:08 Loom
9:13 Feudal Age
9:28 Champi Runner
9:55 Double-Bit Axe
21:13 Castle Age
19:16 Fletching
21:22 Padded Archer Armor
21:14 Crossbowman
21:51 Bodkin Arrow
22:19 Bow Saw
21:51 Horse Collar
24:20 Ballistics
25:57 Leather Archer Armor
27:48 Wheelbarrow
27:24 Gold Mining
36:08 Imperial Age
36:50 Bracer
38:06 Chemistry
38:53 Elite Skirmisher
43:47 Leather Archer Armor
Connection lost

Rejoining the realm…

Still unreachable

The connection could not be restored.

Session expired

The server has moved on; the page needs a fresh start.